 Dungeon Crawl Stone Soup version 0.32-a0-900-g30fb1b0edc (webtiles) character file.

Game seed: 11260332493760599087

2441 Griffin23 the Carver (level 9, -4/121 HPs)
             Began as a Minotaur Fighter on Apr 5, 2024.
             Was an Initiate of Gozag.
             Slain by a sun demon (7 damage)
             ... summoned by a kobold demonologist
             ... on level 6 of the Dungeon on Apr 6, 2024.
             The game lasted 00:11:37 (5680 turns).

Griffin23 the Carver (Minotaur Fighter)             Turns: 5680, Time: 00:11:38

Health: -4/121     AC: 14    Str: 24    XL:     9   Next: 25%
Magic:  17/17      EV:  6    Int: 11    God:    Gozag
Gold:   1204       SH:  9    Dex: 11    Spells: 8/8 levels left

rFire   + . .        a - +0 long sword
rCold   + . .        f - +0 kite shield
rNeg    . . .        u - +0 chain mail
rPois   +            (helmet restricted)
rElec   +            B - +2 cloak
rCorr   +            (no gloves)
SInv    .            (no boots)
Will    .....        (no amulet) Stlth
                     v - +6 ring of intelligence
HPRegen 0.40/turn    n - ring of magical power
MPRegen 0.15/turn

%: no passive effects
@: berserking, resistant, gold aura, very quick
A: horns 2, retaliatory headbutt
a: Renounce Religion, Potion Petition, Call Merchant, Bribe Branch


You were on level 6 of the Dungeon.
You worshipped Gozag.
Gozag was most pleased with you.
You visited 2 branches of the dungeon, and saw 8 of its levels.

You collected 2650 gold pieces.
You paid 1446 gold pieces to Gozag.

Inventory:

Hand Weapons
 a - a +0 long sword (weapon)
Missiles
 d - a throwing net (quivered)
 z - 2 boomerangs
Armour
 b - a +0 scale mail
 c - a +0 buckler
 f - a +0 kite shield (worn)
 u - a +0 chain mail (worn)
 y - a +0 cloak
 B - a +2 cloak (worn)
Jewellery
 n - a ring of magical power (right hand)
 p - a ring of magical power
 v - a +6 ring of intelligence (left hand)
Scrolls
 e - 4 scrolls of enchant armour
 h - a scroll of vulnerability {unknown}
 i - 4 scrolls of torment
 l - a scroll of fear {unknown}
 m - a scroll of fog {unknown}
 o - 3 scrolls of teleportation
 r - a scroll of acquirement
 x - a scroll of noise {unknown}
 C - a scroll of revelation {unknown}
 D - 2 scrolls of poison
Potions
 g - 2 potions of degeneration
 j - a potion of curing {unknown}
 k - a potion of magic {unknown}
 q - a potion of enlightenment
 s - a potion of mutation {unknown}
 w - 3 potions of ambrosia
 A - a potion of might


   Skills:
 + Level 7.8 Fighting
 * Level 10.0 Long Blades
 + Level 7.9 Armour
 + Level 6.8 Shields


You had 8 spell levels left.
You didn't know any spells.
Your spell library contained the following spells:

 Spells                   Type           Power      Damage    Failure   Level
 Frozen Ramparts          Ice            0%         1d1       100%        3
 Ozocubu's Armour         Ice            0%         N/A       100%        3
 Tukima's Dance           Hex            0%         N/A       100%        3
 Passage of Golubria      Tloc           0%         N/A       100%        4
 Metabolic Englaciation   Hex/Ice        0%         N/A       100%        5
 Yara's Violent Unravell  Hex/Alch       0%         3d3       100%        5
 Haunt                    Necr/Summ      0%         N/A       100%        7
 Borgnjor's Revivificati  Necr           0%         N/A       100%        8
 Death's Door             Necr           0%         N/A       100%        9


Dungeon Overview and Level Annotations

Branches:
Dungeon (7/15)             Temple (1/1) D:4

Altars:
Ashenzari
Cheibriados
Dithmenos
Elyvilon
Fedhas
Gozag
Hepliaklqana
Kikubaaqudgha
Makhleb
Nemelex Xobeh
Qazlal
Ru
Trog
Uskayaw
Vehumet
Wu Jian
Xom
Yredelemnul
Zin

Annotations:
D:4 2 transporters
D:6 2 runed translucent doors, yetimobile's ghost, novice FoFi


Innate Abilities, Weirdness & Mutations

You have a pair of horns on your head.
You reflexively headbutt those who attack you in melee.


Message History

You are engulfed in flames!
You resist.
* * * LOW HITPOINT WARNING * * *
The kobold demonologist hits you but does no damage.
The crimson imp blinks!
You block the quasit's attack.
The quasit claws you but does no damage.
The quasit closely misses you.
The shadow imp closely misses you. [a] - 660 gold - resistance, invisibility, haste and enlightenment [b] - 290 gold - heal wounds and berserk rage [c] - 460 gold - haste and resistance Purchase which effect?
You feel much better.
A red film seems to cover your vision as you go berserk!
You feel yourself moving faster!
You feel mighty!
You block the centaur's attack. x2; The sun demon hits you!!
* * * LOW HITPOINT WARNING * * *
You are engulfed in flames.
You resist.
* * * LOW HITPOINT WARNING * * *
You block the centaur's attack.
The centaur kicks you but does no damage.
The kobold demonologist hits you but does no damage.
The quasit barely misses you.
The quasit claws you but does no damage. x2
The shadow imp gestures at you. Pain shoots through your body!
* * * LOW HITPOINT WARNING * * *
You slash the centaur!
The centaur is severely wounded.
You block the sun demon's attack. The centaur hits you.
* * * LOW HITPOINT WARNING * * *
You block the centaur's attack.
The quasit bites you but does no damage.
You block the quasit's attack.
The quasit claws you but does no damage.
The kobold demonologist hits you but does no damage.
You slice the centaur!!
You kill the centaur!
The shadow imp hits you but does no damage.
The sun demon hits you!
You die...
Your body crumbles into a pile of gold.

##..........###....##..###
###..(......#..#####.###..##
#...#................Y......
###.###............###..###...
#...# #######....<.# ##.# #...
###.## #......# #.###... #..#
#......####.......
##.########5K.5..#....^###..
#.......##@$ยง.....###......
#######..3.5#..#########...
#####.........# ##..
####.####.#####..
###########.....#........
#...........###.#########
#.....####### #....######
#####..##### ####.......
##.....############.)


You could see a sun demon (summoned), a kobold demonologist, a quasit
(summoned), a crimson imp (summoned) and a shadow imp (summoned).

Vanquished Creatures
  Prince Ribbit (D:5)
  Sigmund (D:5)
  6 yaks
  A water moccasin (D:5)
  Duvessa (D:5)
  An ice beast (D:6)
  A black bear (D:6)
  A centaur (D:6)
  2 ogres
  2 scorpions (D:5)
  Dowan (D:5)
  A jelly (D:4)
  An orc priest (D:4)
  A bombardier beetle (D:4)
  A hound (D:5)
  A gnoll bouda (D:5)
  An iguana (D:5)
  A sleepcap (D:5)
  4 orc wizards
  6 adders
  4 gnolls (D:2)
  A white imp (D:6)
  2 ufetubi
  2 dart slugs
  12 orcs
  4 bats
  3 endoplasms
  4 giant cockroaches
  13 goblins
  13 hobgoblins
  6 quokkas
  11 ball pythons
  3 frilled lizards
  3 kobolds
  8 rats
124 creatures vanquished.

Notes
Turn   | Place    | Note
-------+----------+-------------------------------------------
     0 | D:1      | Griffin23 the Minotaur Fighter began the quest for the Orb.
     0 | D:1      | Reached XP level 1. HP: 19/19 MP: 0/0
   160 | D:1      | Reached XP level 2. HP: 26/27 MP: 1/1
   645 | D:2      | Reached skill level 3 in Long Blades
   691 | D:2      | Reached XP level 3. HP: 33/33 MP: 2/2
   938 | D:2      | Reached XP level 4. HP: 5/40 MP: 3/3
   944 | D:2      | HP: 2/40 [something/puff of flame (4)]
   951 | D:2      | HP: 1/40 [something (2)]
   953 | D:2      | Reached skill level 4 in Long Blades
  1660 | D:3      | Found a broken altar of Ashenzari.
  2003 | D:3      | Reached XP level 5. HP: 42/47 MP: 4/4
  2089 | D:3      | Found a burning altar of Makhleb.
  2319 | D:4      | Noticed an ogre
  2327 | D:4      | Killed an ogre
  2418 | D:4      | Reached skill level 5 in Long Blades
  2583 | D:4      | Reached XP level 6. HP: 55/55 MP: 5/5
  2609 | D:4      | Reached skill level 5 in Armour
  2617 | D:4      | Found a staircase to the Ecumenical Temple.
  2803 | Temple   | Entered the Ecumenical Temple
  2856 | Temple   | Became a worshipper of Gozag Ym Sagoz the Greedy
  2936 | D:4      | Found a shadowy altar of Dithmenos.
  2993 | D:4      | Identified the +8 war axe of Exquisite Torment {venom, Fly
                  | rN+}
  3061 | D:4      | Found a transporter.
  3064 | D:4      | Noticed a yak
  3067 | D:4      | Found a white marble altar of Elyvilon.
  3075 | D:4      | Reached skill level 5 in Fighting
  3075 | D:4      | Reached skill level 5 in Shields
  3324 | D:4      | Found a transporter.
  3441 | D:5      | Entered Level 5 of the Dungeon
  3445 | D:5      | Identified 2 scrolls of acquirement
  3576 | D:5      | Acquired 848 gold pieces
  3578 | D:5      | Acquired 1072 gold pieces
  3623 | D:5      | Noticed Prince Ribbit
  3666 | D:5      | Killed Prince Ribbit
  3667 | D:5      | Reached skill level 6 in Long Blades
  3667 | D:5      | Reached XP level 7. HP: 61/61 MP: 6/6
  3837 | D:5      | Noticed Dowan
  3838 | D:5      | Noticed Duvessa
  3939 | D:5      | Killed Duvessa
  3946 | D:5      | Killed Dowan
  4114 | D:5      | Reached skill level 7 in Long Blades
  4248 | D:5      | Noticed Sigmund
  4253 | D:5      | Killed Sigmund
  4254 | D:5      | Reached XP level 8. HP: 50/71 MP: 7/7
  4470 | D:5      | Reached skill level 8 in Long Blades
  4576 | D:6      | Noticed a +0 hand axe
  4576 | D:6      | Noticed a +0 dagger
  4692 | D:6      | Found a hide-covered altar of Uskayaw.
  4743 | D:6      | Found a runed translucent door.
  4749 | D:6      | Noticed yetimobile's ghost (novice FoFi)
  4854 | D:6      | Found a runed translucent door.
  5080 | D:5      | Reached skill level 9 in Long Blades
  5271 | D:6      | Reached XP level 9. HP: 77/79 MP: 8/8
  5591 | D:7      | Noticed a kobold demonologist
  5599 | D:7      | Noticed a rust devil
  5606 | D:6      | Reached skill level 10 in Long Blades
  5675 | D:6      | Noticed a sun demon
  5677 | D:6      | HP: 2/81 [sun demon[a kobold demonologist] (8)]
  5680 | D:6      | Slain by a sun demon

Illustrated notes

Levels and vault maps discovered:
D:1:      nzn_arrival_water_spiral, layout_basic
D:2:      layout_loops_ring, minmay_misc_feat_diagonals, dk_noncrumbling_3
D:3:      cheibrodos_greedy_goblins, layout_loops_ring,
          ashenzari_conservatory_becter, mainiacjoe_overflow_paths,
          amcnicky_mini_rare_corridor_liquid
D:4:      layout_basic, mainiacjoe_overflow_surrounded_room,
          gammafunk_temple_overflow_arena, temple_hall, chequers_mini_garden
D:5:      layout_gridville, st_stairs_12, grunt_decor_junction, uniq_duvessa,
          uniq_prince_ribbit1, uniq_sigmund
D:6:      layout_rooms, dancing_weapons_uskayaw, ebering_ghost_sewer_f
D:7:      layout_gridville, enter_bailey_6
Temple:   eino_temple_lava

Skill      XL: |  1  2  3  4  5  6  7  8  9 |
---------------+----------------------------+-----
Armour         | 4 5 6 7 |  7.9
Fighting       | 4 5 6 7 |  7.8
Shields        | 4 5 6 |  6.8
Long Blades    | 3 4 5 6 7 9 10 | 10.0

Action                     |  1- 3 |  4- 6 |  7- 9 || total
---------------------------+-------+-------+-------++-------
  Melee: Long sword        |   106 |   132 |   181 ||   419
         Headbutt          |    18 |    18 |    36 ||    72
  Throw: Throwing net      |       |     1 |     1 ||     2
 Invoke: Potion Petition   |       |     1 |     2 ||     3
    Use: Potion            |       |     1 |     1 ||     2
         Scroll            |       |     9 |     2 ||    11
 Armour: Scale mail        |    78 |    30 |       ||   108
         Chain mail        |       |    40 |   233 ||   273
         Skin              |       |    14 |       ||    14
  Dodge: Dodged            |    45 |    46 |    85 ||   176
  Block: Buckler           |    24 |    17 |    21 ||    62
         Kite shield       |       |       |    62 ||    62

Table legend: (Time is in decaauts)
 A = Elapsed time spent in this place.
 B = Non-inter-level travel time spent in this place.
 C = Inter-level travel time spent in this place.
 D = Time resting spent in this place.
 E = Time spent auto-exploring this place.
 F = Levels seen in this place.
 G = Mean time per level.
                   A        B        C        D        E       F      G
               +--------+--------+--------+--------+--------+-----+--------+
         Total |   5757 |   5460 |    297 |    575 |   3649 |   8 |  719.6 |
       Dungeon |   5690 |   5393 |    297 |    575 |   3649 |   7 |  812.9 |
        Temple |     66 |     66 |      0 |      0 |      0 |   1 |   66.0 |
               +--------+--------+--------+--------+--------+-----+--------+

Top non-repeatable levels by time:
     D:5: 1303 daAuts
     D:4: 1083 daAuts
     D:6: 934 daAuts
     D:3: 860 daAuts
     D:2: 831 daAuts
     D:1: 656 daAuts
  Temple: 66 daAuts
     D:7: 21 daAuts
